 Dungeon Crawl Stone Soup version 0.27-a0-1245-g940ed4fa31 (webtiles) character file.

Game seed: 6757069735302022168

74 lunkers the Skirmisher (level 4, 0/50 HPs)
             Began as an Ogre Berserker on June 9, 2021.
             Was a Believer of Trog.
             Slain by a water moccasin skeleton (6 damage)
             ... on level 4 of the Dungeon.
             The game lasted 00:03:29 (2906 turns).

lunkers the Skirmisher (Ogre Berserker)             Turns: 2906, Time: 00:03:29

Health: 0/50       AC:  3    Str: 22    XL:     4   Next: 30%
Magic:  4/4        EV: 10    Int:  8    God:    Trog [**....]
Gold:   84         SH:  0    Dex:  8    Spells: 3/3 levels left

rFire    . . .     SeeInvis .   a - +0 mace
rCold    . . .     Faith    .   (no shield)
rNeg     . . .     Spirit   .   b - +0 animal skin
rPois    .         Reflect  .   (helmet restricted)
rElec    .         Harm     .   (no cloak)
rCorr    .         Rampage  .   (gloves unavailable)
Will     .....                  (boots unavailable)
Stlth    +.........             (no amulet)
HPRegen  0.16/turn              (no ring)
MPRegen  0.09/turn              (no ring)

@: on berserk cooldown, slowed, very slow
A: large, unfitting armour, tough skin 1
a: Renounce Religion, Berserk, Trog's Hand


You were on level 4 of the Dungeon.
You worshipped Trog.
Trog was pleased with you.
You visited 1 branch of the dungeon, and saw 4 of its levels.

You collected 84 gold pieces.

Inventory:

Hand Weapons
 a - a +0 mace (weapon)
Armour
 b - a +0 animal skin (worn)
Jewellery
 d - a ring of see invisible
Scrolls
 f - a scroll of vulnerability {unknown}
 g - a scroll of identify {unknown}
 h - 2 scrolls of amnesia {unknown}
 i - 3 scrolls of immolation {unknown}
 k - 2 scrolls of teleportation {unknown}
 p - 2 scrolls of enchant armour {unknown}
 q - a scroll of brand weapon {unknown}
 r - a scroll of blinking {unknown}
 s - a scroll of holy word {unknown}
Potions
 c - 2 potions of degeneration {unknown}
 e - a potion of flight {unknown}
 j - a potion of lignification {unknown}
 l - 2 potions of cancellation {unknown}
 m - a potion of resistance {unknown}
 n - 2 potions of ambrosia {unknown}
 o - a potion of haste {unknown}


   Skills:
 + Level 5.0 Fighting
 * Level 4.0 Maces & Flails
 - Level 2.6 Dodging


You had 3 spell levels left.
You didn't know any spells.
Your spell library was empty.

Dungeon Overview and Level Annotations

Branches:
Dungeon (4/15)
 Temple: D:4-7

Altars:
Gozag
Wu Jian

Annotations:
D:4 Sigmund


Innate Abilities, Weirdness & Mutations

You are too large for most types of armour.
You have tough skin. (AC +1)


Message History

You are confused.
You are too confused!
You are too confused!
You are too confused!
You are too confused!
You bump into the rock wall.
You closely miss Sigmund.
Sigmund is severely wounded.
Sigmund hits you with a +0 scythe! Sigmund casts a spell at you.
The puff of flame hits you!
* * * LOW HITPOINT WARNING * * *
You feel a strong urge to attack something.
Sigmund casts a spell at you.
You are more confused.
You are no longer berserk.
You are exhausted.
You feel yourself slow down.
You bump into the rock wall.
Sigmund hits you with a +0 scythe!
* * * LOW HITPOINT WARNING * * *
Sigmund hits you but does no damage.
You are too confused!
Unknown command.
A water moccasin skeleton comes into view.
Sigmund hits you from afar with a +0 scythe.
* * * LOW HITPOINT WARNING * * *
Found a kite shield.
Sigmund misses you. Sigmund gestures at you while chanting.
The magic dart hits you.
* * * LOW HITPOINT WARNING * * *
Sigmund hits you from afar with a +0 scythe.
* * * LOW HITPOINT WARNING * * *
You feel less confused.
The water moccasin skeleton closely misses you.
Sigmund casts a spell.
Sigmund flickers and vanishes!
Deactivating autopickup; reactivate with Ctrl-A.
The water moccasin skeleton bites you.
You die...

#.# #.# #.#
###.## ....#
#..# #..#
########{.#
.........@###.#
........Z.<...#
.[........#$###
########...##
##.## #.# #.#
#.# #.#


You could see a water moccasin skeleton.

Vanquished Creatures
  2 adders
  4 worms
  4 orcs (D:3)
  A ball python (D:2)
  2 bats
  3 endoplasms
  2 giant cockroaches
  A goblin (D:1)
  4 hobgoblins
  2 jackals (D:1)
  7 kobolds
  A quokka (D:3)
  2 frilled lizards
  4 rats
39 creatures vanquished.

Vanquished Creatures (others)
  3 fungi (D:2)
  7 plants (D:2)
10 creatures vanquished.

Grand Total: 49 creatures vanquished

Notes
Turn   | Place    | Note
-------+----------+-------------------------------------------
     0 | D:1      | lunkers the Ogre Berserker began the quest for the Orb.
     0 | D:1      | Reached XP level 1. HP: 24/24 MP: 1/1
   264 | D:1      | Reached XP level 2. HP: 24/32 MP: 2/2
  1029 | D:2      | Reached XP level 3. HP: 27/40 MP: 3/3
  1560 | D:2      | Found a faded altar of an unknown god.
  1900 | D:3      | Reached ** piety under Trog
  1901 | D:3      | Reached XP level 4. HP: 27/49 MP: 4/4
  2246 | D:3      | Found an opulent altar of Gozag.
  2670 | D:3      | Reached skill level 5 in Fighting
  2680 | D:3      | Found an ornate altar of the Wu Jian Council.
  2888 | D:4      | Noticed Sigmund
  2906 | D:4      | Slain by a water moccasin skeleton

Illustrated notes

Levels and vault maps discovered:
D:1:      ebering_trefoil_3fold, layout_basic
D:2:      layout_loops_ring, shapermc_ecumenical_altar_mp_urbaneastern
D:3:      layout_basic, old_standard_altar, old_standard_altar,
          minmay_parallelograms, kennysheep_generic_room_9
D:4:      layout_loops_ring, minmay_temple_entry_mist, uniq_sigmund

Skill      XL: |  1  2  3  4 |
---------------+-------------+-----
Maces & Flails | 3 4 |  4.0
Fighting       | 5 |  5.0
Dodging        | |  2.6

Action                   |  1- 3 |  4- 6 || total
-------------------------+-------+-------++-------
Melee: Mace              |    94 |    19 ||   113
Invok: Berserk           |     4 |     2 ||     6
Armor: Animal skin       |    31 |     1 ||    32
Dodge: Dodged            |    52 |    15 ||    67

Table legend: (Time is in decaauts)
 A = Elapsed time spent in this place.
 B = Non-inter-level travel time spent in this place.
 C = Inter-level travel time spent in this place.
 D = Time resting spent in this place.
 E = Time spent auto-exploring this place.
 F = Levels seen in this place.
 G = Mean time per level.
                   A        B        C        D        E       F      G
               +--------+--------+--------+--------+--------+-----+--------+
         Total |   2983 |   2914 |     69 |      0 |   2552 |   4 |  745.8 |
       Dungeon |   2983 |   2914 |     69 |      0 |   2552 |   4 |  745.8 |
               +--------+--------+--------+--------+--------+-----+--------+

Top non-repeatable levels by time:
     D:3: 1176 daAuts
     D:1: 937 daAuts
     D:2: 851 daAuts
     D:4: 17 daAuts
